 Dungeon Crawl Stone Soup version 0.25.1-2-g60ff931df9 (webtiles) character file.

Game seed: 6273121179629187603

56 MajorAdolf the Skirmisher (level 3, -1/36 HPs)
             Began as a Naga Wanderer on Nov 17, 2020.
             Slain by Blork the orc
             ... wielding a +1 hand axe of freezing
              (5 damage)
             ... on level 4 of the Dungeon.
             The game lasted 00:02:58 (2007 turns).

MajorAdolf the Skirmisher (Naga Wanderer)           Turns: 2007, Time: 00:03:00

Health: -1/36      AC:  5    Str: 14    XL:     3   Next: 97%
Magic:  4/4        EV:  6    Int: 13    God:
Gold:   117        SH:  0    Dex: 10    Spells: 3/4 levels left

rFire    . . .     SeeInvis +   c - +0 shortbow
rCold    . . .     Gourm    .   (shield currently unavailable)
rNeg     . . .     Faith    .   u - +0 scale mail
rPois    +         Spirit   .   (no helmet)
rElec    .         Reflect  .   o - +0 cloak
rCorr    .         Harm     .   (no gloves)
MR       .....                  (no barding)
Stlth    ..........             (no amulet)
HPRegen  0.12/turn              (no ring)
MPRegen  0.09/turn              (no ring)

@: short of breath, very slow
A: large, see invisible, deformed body, poison resistance, slowness 2, slow
metabolism 1, spit poison 1, AC +1
a: Spit Poison


You were on level 4 of the Dungeon.
You were not hungry.

You visited 1 branch of the dungeon, and saw 4 of its levels.

You collected 117 gold pieces.

Inventory:

Hand Weapons
 a - a +0 mace
 c - a +0 shortbow (weapon)
 s - a +0 war axe
Missiles
 d - 22 arrows (quivered)
Armour
 e - a +0 robe
 o - a +0 cloak (worn)
 t - a +0 chain mail
 u - a +0 scale mail (worn)
Jewellery
 i - a cursed amulet of inaccuracy {unknown}
 q - a cursed -4 ring of evasion {unknown}
Wands
 v - a wand of enslavement (7)
Scrolls
 b - 2 scrolls of remove curse {unknown}
 j - 3 scrolls of identify {unknown}
 k - a scroll of teleportation
 l - 2 scrolls of fog {unknown}
 p - a scroll of fear {unknown}
 r - a scroll of enchant armour {unknown}
Potions
 g - a potion of flight {unknown}
 h - a potion of curing {unknown}
 m - a potion of cancellation {unknown}
 n - a potion of berserk rage {unknown}
Comestibles
 f - 5 rations


   Skills:
 - Level 3.7 Fighting
 * Level 0.0 Axes
 - Level 2.6 Bows
 - Level 1.0 Throwing
 + Level 1.0 Armour
 + Level 0.0 Dodging
 - Level 1.5 Stealth
 - Level 1.0 Spellcasting
   Level 2.0 Transmutations


You had 3 spell levels left.
You knew the following spells:

 Your Spells              Type           Power        Failure   Level  Hunger
a - Magic Dart            Conj           #...         77%         1    ##.....

Your spell library contained the following spells:

 Spells                   Type           Power        Failure   Level  Hunger
 Blink                    Tloc           N/A          88%         2    ###....
 Call Imp                 Summ           #.......     88%         2    ###....
 Slow                     Hex            #.......     88%         2    ###....
 Conjure Flame            Conj/Fire      #.......     98%         3    ####...
 Mephitic Cloud           Conj/Pois/Air  #.......     98%         3    ####...


Dungeon Overview and Level Annotations

Branches:
Dungeon (4/15)
 Temple: D:4-7

Altars:
Dithmenos

Annotations:
D:3 1 transporter, Sigmund
D:4 Blork the orc


Innate Abilities, Weirdness & Mutations

You cannot wear boots.
Your serpentine skin is tough. (AC +1)
You have supernaturally acute eyesight. (SInv)
Armour fits poorly on your strangely shaped body.
Your system is resistant to poisons. (rPois)
You cover ground very slowly.
You have a slow metabolism.
You can spit poison.


Message History

Press: ? - help, Shift-Dir - straight line, f/p - Blork the orc
Aim: Blork the orc, wielding a +1 hand axe of freezing, wearing a +0 robe and carrying a wand of digging (4) (almost dead, fast, poisoned)
You shoot an arrow. The arrow hits Blork the orc.
Blork the orc is almost dead.
Blork the orc hits you but does no damage.
Blork the orc hits you with a +1 hand axe of freezing.
* * * LOW HITPOINT WARNING * * *
Blork the orc freezes you.
* * * LOW HITPOINT WARNING * * *
Firing (i - inventory)
d - 23 arrows (quivered)
Press: ? - help, Shift-Dir - straight line, f/p - Blork the orc
Aim: Blork the orc, wielding a +1 hand axe of freezing, wearing a +0 robe and carrying a wand of digging (4) (almost dead, fast, poisoned)
You shoot an arrow. The arrow hits Blork the orc.
Blork the orc is almost dead.
Blork the orc screams, "I'll crush all your ribs!
One by one!"
Blork the orc casts a spell at you. The puff of frost hits you.
* * * LOW HITPOINT WARNING * * *
Blork the orc hits you with a +1 hand axe of freezing.
You die...

###..#.##
#.......#
#..##....(#
....##....##
..._s#....#.
....##..#.(#
#..##...#.(#
##.....###o#
###..# #@## ....
#..# ..... #..##
.... ##..# #..#
....... ##.#
#.......# #.##
#.......#
#..#############
#.......#
#.>............#


You could see Blork the orc (fast, poisoned).

Vanquished Creatures
  A gnoll (D:1)
  2 worms (D:2)
  2 dart slugs
  A leopard gecko (D:2)
  4 orcs (D:4)
  A giant cockroach (D:2)
  2 goblins (D:1)
  2 hobgoblins
  4 jackals (D:4)
  3 kobolds
  A ball python (D:2)
  4 bats
  4 frilled lizards
  A rat (D:1)
32 creatures vanquished.

Notes
Turn   | Place    | Note
-------+----------+-------------------------------------------
     0 | D:1      | MajorAdolf the Naga Wanderer began the quest for the Orb.
     0 | D:1      | MajorAdolf set off with the following items: a +0 mace, a
                  | +0 shortbow, 20 arrows, a +0 robe, a ration; and the
                  | following spell memorised: Magic Dart; and the following
                  | spells available to memorise: Blink, Call Imp, Slow,
                  | Conjure Flame, Mephitic Cloud
     0 | D:1      | Reached XP level 1. HP: 18/18 MP: 2/2
   363 | D:1      | Reached skill level 2 in Fighting
   363 | D:1      | Reached XP level 2. HP: 21/26 MP: 3/3
  1008 | D:2      | Reached XP level 3. HP: 33/33 MP: 4/4
  1052 | D:2      | Reached skill level 3 in Fighting
  1453 | D:3      | Found a transporter.
  1466 | D:3      | Noticed Sigmund
  1983 | D:4      | Found a shadowy altar of Dithmenos.
  1983 | D:4      | Noticed a scorpion
  1988 | D:4      | Noticed Blork the orc
  2007 | D:4      | Slain by Blork the orc

Illustrated notes

Levels and vault maps discovered:
D:1:      psy_arrival_spokes, layout_basic
D:2:      layout_basic
D:3:      layout_loops_cross, overflow_temple_1_default,
          gammafunk_temple_overflow_wave, gammafunk_ghost_abyssal_escape,
          chequers_avenue, kennysheep_cluttered_room,
          corexii_item_surrounded_by_moat, nrook_loot_triangle, uniq_purgy,
          uniq_sigmund
D:4:      cheibrodos_old_hovel, layout_basic,
          nicolae_dithmenos_through_a_glass_darkly, first_ration, serial_shops,
          shop, uniq_blork_the_orc, uniq_pikel

Skill      XL: |  1  2  3 |
---------------+----------+-----
Fighting       | 2 3 |  3.7
Bows           | |  2.6
Throwing       | |  1.0
Armour         | |  1.0
Stealth        | |  1.5
Spellcasting   | |  1.0
Transmutations | |  2.0

Action                   || total
-------------------------++-------
Melee: Mace              ||     6
 Fire: Shortbow          ||   102
 Abil: Spit Poison       ||     4
  Eat: Chunk             ||     2
Armor: Robe              ||    10
       Scale mail        ||     5
Dodge: Dodged            ||    25
